Map: Jagannatha LE

Players

maru - Winner!

  • Race: Terran Terran

HeroMarine

  • Race: Terran Terran

Event: ASUS ROG Fall 2021

VOD

Have the link to the VOD?

Description

Time

  • Played on: Sept. 19, 2021, 1:21 p.m.
  • Length: 10:12

All games in this series

Show
View Real Time Build Order
Export as new Build Order

maru Terran - Winner!

Build Orders:  

Get SALT Encoding   

  12  0:00  SCV  
  13  0:12  SCV  
  14  0:17  Supply Depot  
  14  0:24  SCV  
  15  0:38  SCV  
  15  0:39  Barracks  
  16  0:43  Refinery  
  16  0:50  SCV  
  16  0:53  Refinery  
  17  1:02  SCV  
  18  1:14  SCV  
  19  1:26  Reaper  
  19  1:27  Orbital Command  
  19  1:28  Supply Depot  
  20  1:41  Factory  
  20  1:53  SCV  
  21  1:58  Barracks Reactor  
  21  2:05  SCV  
  22  2:17  SCV  
  22  2:20  Command Center  
  23  2:25  Hellion  
  23  2:29  SCV  
  26  2:35  Reaper x2  
  28  2:40  Supply Depot  
  28  2:42  SCV  
  29  2:48  Hellion  
  31  3:00  Starport  
  31  3:01  SCV  
  32  3:08  Reaper x2  
  32  3:11  Hellion  
  36  3:15  SCV  
  37  3:22  Refinery  
  37  3:27  SCV  
  37  3:35  Factory Tech Lab  
  37  3:39  SCV  
  35  3:46  Starport Tech Lab  
  33  3:48  Orbital Command  
  33  3:50  Marine x2  
  33  3:51  SCV  
  33  3:53  Cyclone  
  39  3:58  Supply Depot  
  39  4:04  Raven  
  39  4:07  SCV  
  40  4:15  Marine x2  
  41  4:18  SCV  
  41  4:19  SCV  
  43  4:30  SCV  
  44  4:33  Marine x2  
  44  4:35  Siege Tank  
  49  4:40  SCV  
  49  4:45  SCV  
  50  4:47  Raven  
  50  4:50  Marine  
  50  4:51  Marine, Supply Depot  
  50  4:52  SCV  
  55  4:59  SCV  
  55  5:04  SCV  
  55  5:07  Command Center  
  55  5:11  Siege Tank  
  58  5:15  SCV  
  58  5:16  SCV  
  58  5:18  Marine x2  
  62  5:24  Supply Depot  
  62  5:29  SCV  
  62  5:30  SCV  
  64  5:41  SCV  
  65  5:43  Supply Depot  
  65  5:46  Siege Tank  
  65  5:50  Viking  
  65  5:51  Viking  
  65  5:52  SCV  
  65  5:54  SCV  
  71  6:04  SCV  
  71  6:07  SCV  
  63  6:12  Barracks x2  
  63  6:16  SCV  
  64  6:20  Viking, Siege Tank  
  64  6:21  Viking  
  71  6:29  Marine  
  72  6:35  Stimpack  
  70  6:43  SCV  
  70  6:46  Marine  
  69  6:47  Refinery  
  69  6:49  SCV  
  69  6:52  Siege Tank  
  77  7:00  Barracks Reactor x2  
  73  7:04  Marine, SCV  
  73  7:05  SCV  
  73  7:07  Engineering Bay  
  73  7:08  SCV, Engineering Bay  
  74  7:16  SCV  
  74  7:17  SCV  
  74  7:21  Starport Reactor  
  74  7:22  Marine, Orbital Command  
  77  7:28  Siege Tank  
  79  7:34  Terran Infantry Armor Level 1, Terran Infantry Weapons Level 1  
  79  7:36  Marine  
  79  7:37  Marine x3  
  80  7:40  Marine  
  80  7:43  Supply Depot  
  84  7:54  Marine x2  
  84  7:55  Marine  
  87  8:00  Marine x2, Medivac x2  
  87  8:01  Supply Depot  
  92  8:12  Marine x3  
  93  8:16  Combat Shield  
  93  8:18  Marine x2  
  93  8:19  Siege Tank  
  95  8:30  Marine x3  
  95  8:33  Medivac  
  100  8:36  Marine x2  
  102  8:42  Supply Depot  
  102  8:43  Supply Depot  
  101  9:02  Supply Depot  
  101  9:03  Marine x5  
  97  9:12  Medivac x2, Siege Tank  
  97  9:15  SCV  
  102  9:21  Marine x5  
  103  9:25  Orbital Command  
  103  9:29  SCV x2  
  100  9:39  Marine x5  
  100  9:41  SCV  
  100  9:45  Barracks  
  103  9:47  Barracks  
  103  9:52  SCV x2  
Show
View Real Time Build Order
Export as new Build Order

HeroMarine Terran 

Build Orders:  

Get SALT Encoding   

  12  0:00  SCV  
  13  0:12  SCV  
  14  0:17  Supply Depot  
  14  0:24  SCV  
  15  0:38  SCV  
  15  0:39  Barracks  
  16  0:43  Refinery  
  16  0:51  SCV  
  16  0:53  Refinery  
  17  1:03  SCV  
  18  1:15  SCV  
  19  1:26  Reaper  
  19  1:27  Orbital Command  
  19  1:28  Supply Depot  
  20  1:41  Factory  
  20  1:52  SCV  
  21  1:58  Reaper  
  22  2:04  SCV  
  23  2:17  SCV  
  23  2:21  Command Center  
  24  2:27  Hellion  
  24  2:29  SCV  
  27  2:32  Reaper  
  28  2:37  Supply Depot  
  28  2:41  SCV  
  29  2:48  Hellion  
  31  2:57  Starport  
  31  2:59  SCV  
  31  3:04  Barracks Reactor  
  32  3:09  Factory Tech Lab  
  32  3:11  SCV  
  33  3:20  Refinery  
  33  3:23  SCV  
  34  3:29  Cyclone  
  37  3:36  SCV  
  37  3:38  Starport Tech Lab  
  37  3:40  Marine x2  
  39  3:46  Orbital Command  
  33  3:48  SCV  
  34  3:55  Raven  
  34  3:58  Marine x2  
  39  4:03  Siege Tank  
  39  4:06  SCV  
  40  4:16  Marine x2, SCV  
  38  4:18  SCV  
  36  4:34  Marine x2  
  35  4:41  Siege Tank  
  35  4:44  SCV x2  
  38  4:58  Viking x2  
  38  4:59  SCV  
  43  5:06  SCV  
  44  5:11  Marine  
  44  5:13  Siege Tank  
  48  5:15  SCV  
  48  5:19  SCV  
  50  5:28  Viking x2  
  54  5:41  Marine  
  54  5:42  Supply Depot  
  54  5:45  Supply Depot  
  54  6:03  Viking, Siege Tank, SCV x2  
  61  6:07  Viking  
  63  6:13  Marine  
  63  6:15  SCV x2  
  66  6:19  Supply Depot  
  66  6:28  SCV x2  
  66  6:31  Marine  
  69  6:33  Viking  
  69  6:35  Siege Tank  
  71  6:40  SCV x2  
  73  6:47  Viking  
  73  6:52  SCV x2  
  77  7:00  Marine  
  76  7:04  SCV x2  
  76  7:08  Viking  
  74  7:16  SCV x2  
  74  7:20  Viking  
  78  7:28  SCV x2  
  80  7:38  Viking  
  80  7:40  SCV x2  
  84  7:50  Viking  
  86  7:52  SCV  
  86  7:56  SCV, Command Center  
  88  8:04  SCV  
  88  8:05  Refinery  
  89  8:08  SCV, Liberator  
  93  8:16  SCV  
  94  8:24  Supply Depot  
  94  8:33  Barracks  
  94  8:34  Barracks  
  94  8:45  Marine  
  94  8:46  Viking, Siege Tank  
  100  8:51  Viking  
  100  8:52  Engineering Bay  
  100  8:53  Engineering Bay  
  102  8:58  SCV x2  
  90  9:10  SCV  
  90  9:11  SCV  
  90  9:16  Viking  
  92  9:18  Siege Tank  
  92  9:22  SCV  
  92  9:23  SCV  
  80  9:39  Marine  
  80  9:40  Supply Depot  
  80  9:43  SCV x2  
  82  9:55  SCV x2  
Tags
 
Add a new tag
Caveats
  • Supply blocks, unpowered buildings, or Contaminate may cause inaccurate times.
  • Supply counts are checked every 10 seconds.